 Dungeon Crawl Stone Soup version 0.29-a0-341-g24ffce5b50 (webtiles) character file.

Game seed: 1203363682205772030

46 bande the Skirmisher (level 3, 0/24 HPs)
             Began as a Gargoyle Fighter on Apr 21, 2022.
             Slain by a gnoll
             ... wielding a +0 halberd
              (3 damage)
             ... on level 2 of the Dungeon.
             The game lasted 00:03:09 (1360 turns).

bande the Skirmisher (Gargoyle Fighter)             Turns: 1360, Time: 00:03:10

Health: 0/24       AC: 18    Str: 19    XL:     3   Next: 66%
Magic:  3/3        EV:  7    Int:  8    God:
Gold:   41         SH:  4    Dex: 11    Spells: 2/2 levels left

rFire   . . .      SeeInvis .   a - +1 war axe
rCold   . . .      Faith    .   c - +0 buckler
rNeg    + . .      Spirit   .   i - +0 shadow dragon scales
rPois   ∞          Reflect  .   (no helmet)
rElec   +          Harm     .   h - +1 cloak
rCorr   .          Rampage  .   (no gloves)
Will    .....                   (no boots)
Stlth   ++........              (no amulet)
HPRegen 0.08/turn               (no ring)
MPRegen 0.08/turn               (no ring)

@: no status effects
A: sickness immunity, AC +3, negative energy resistance 1, electricity
resistance, torment resistance 1, petrification resistance
a: no special abilities


You were on level 2 of the Dungeon.
You visited 1 branch of the dungeon, and saw 2 of its levels.

You collected 41 gold pieces.

Inventory:

Hand Weapons
 a - a +1 war axe (weapon)
Armour
 c - a +0 buckler (worn)
 h - a +1 cloak (worn)
 i - +0 shadow dragon scales (worn)
Potions
 b - a potion of curing {unknown}
 d - a potion of might
 e - a potion of resistance
 f - 2 potions of lignification {unknown}
 g - a potion of berserk rage {unknown}


   Skills:
 + Level 3.8 Fighting
 + Level 2.3 Axes
 + Level 3.7 Armour
 + Level 3.6 Shields


You had 2 spell levels left.
You didn't know any spells.
Your spell library contained the following spells:

 Spells                   Type           Power      Damage    Failure   Level
 Gell's Gravitas          Tloc           0%         N/A       100%        3
 Lesser Beckoning         Tloc           0%         N/A       100%        3
 Teleport Other           Tloc           0%         N/A       100%        3


Dungeon Overview and Level Annotations

Branches:
Dungeon (2/15)

Altars:
Yredelemnul


Innate Abilities, Weirdness & Mutations

You are immune to sickness and miasma.
Your stone body is resilient. (AC +3)
You are immune to poison.
You resist negative energy. (rN+)
You are resistant to electric shocks. (rElec)
You are resistant to unholy torment.
You are immune to petrification.


Message History

The gnoll hits you from afar with a +0 halberd.
The gnoll completely misses you.
A hobgoblin comes into view.
The bat hits you but does no damage.
You barely miss the gnoll.
The gnoll is severely wounded.
You closely miss the bat. You hit the gnoll.
You kill the gnoll!
The bat hits you but does no damage. You block the gnoll's attack.
The gnoll hits you but does no damage.
Unknown command.
You barely miss the gnoll.
The gnoll is severely wounded.
The bat closely misses you. You block the gnoll's attack.
The gnoll hits you but does no damage. x2; The gnoll hits you with a +0 club.
You closely miss the gnoll.
The gnoll is severely wounded.
You hit the bat. You block the bat's attack.
The bat hits you but does no damage. The gnoll hits you but does no damage.
The gnoll barely misses you.
Unknown command.
Unknown command.
The gnoll hits you from afar with a +0 halberd.
The gnoll hits you with a +0 club.
Things that are here:
a +0 whip; a gnoll corpse The bat hits you but does no damage.
The hobgoblin hits you but does no damage.
The gnoll hits you from afar with a +0 halberd.
* * * LOW HITPOINT WARNING * * *
You closely miss the hobgoblin. You closely miss the gnoll.
You closely miss the bat. The bat barely misses you.
You block the gnoll's attack. The gnoll hits you but does no damage.
The hobgoblin hits you but does no damage.
Unknown command.
You hit the hobgoblin.
The hobgoblin is severely wounded.
You closely miss the gnoll. The bat barely misses you.
The gnoll hits you from afar with a +0 halberd.
You die...

..#.........# #.#.....#*,,,**,,,
.♣#.......#.# #.#....#*,8,**,,,,
..####....#.####.#...###*+**,,***
.8# #....#.#...........,,,,,,,,,
..# #....#...#.........,,***,***
.♣# #....##..#.........,,* *,* *
..# #....##..#!..b(....,,* *,* *
.♣# #....*#..#.g.......,,* *,* *
..# *,,,,*##.#.@gg.....,,* *,* *
.♣# ****** #.#.........,,* *,* *
..#### #.#.........,,* *,* *
.♣#..# *.#.........,,***,* *
..#..# *,.#+###....,,,**,***
.♣#..# *..*,* *.#..,,,,,,,,*
..#..# *..*,* *,.#.,,**,,,*,
.♣#..# ****#..,,***,,.*,,**,,*,,
..#..# *,,,,,,,,,,,,,,,*,,,,*,,,


You could see 2 gnolls, a hobgoblin and a bat.

Vanquished Creatures
  A gnoll (D:2)
  2 dart slugs (D:1)
  2 ball pythons (D:1)
  2 endoplasms (D:1)
  3 hobgoblins
  4 jackals (D:2)
  6 kobolds
  A quokka (D:1)
  5 bats (D:1)
  A frilled lizard (D:1)
  3 rats
30 creatures vanquished.

Notes
Turn   | Place    | Note
-------+----------+-------------------------------------------
     0 | D:1      | bande the Gargoyle Fighter began the quest for the Orb.
     0 | D:1      | Reached XP level 1. HP: 14/14 MP: 1/1
   141 | D:1      | Reached XP level 2. HP: 19/19 MP: 2/2
   357 | D:1      | Reached XP level 3. HP: 24/24 MP: 3/3
   805 | D:2      | Found a basalt altar of Yredelemnul.
  1360 | D:2      | Slain by a gnoll

Illustrated notes

Levels and vault maps discovered:
D:1:      nicolae_arrival_washed_ashore, layout_basic
D:2:      layout_basic, basic_altar, chequers_avenue, minivault_26,
          st_stairs_14, grunt_decor_arrowhead

Skill      XL: |  1  2 |
---------------+-------+-----
Axes           | 2 |  2.3
Fighting       | |  3.8
Armour         | |  3.7
Shields        | |  3.6

Action                   || total
-------------------------++-------
Melee: War axe           ||    91
  Use: Scroll            ||     4
Armor: Scale mail        ||    49
       Shadow dragon sca ||    20
Dodge: Dodged            ||    43
Block: Buckler           ||    26

Table legend: (Time is in decaauts)
 A = Elapsed time spent in this place.
 B = Non-inter-level travel time spent in this place.
 C = Inter-level travel time spent in this place.
 D = Time resting spent in this place.
 E = Time spent auto-exploring this place.
 F = Levels seen in this place.
 G = Mean time per level.
                   A        B        C        D        E       F      G
               +--------+--------+--------+--------+--------+-----+--------+
         Total |   1399 |   1399 |      0 |      0 |   1083 |   2 |  699.5 |
       Dungeon |   1399 |   1399 |      0 |      0 |   1083 |   2 |  699.5 |
               +--------+--------+--------+--------+--------+-----+--------+

Top non-repeatable levels by time:
     D:1: 834 daAuts
     D:2: 564 daAuts
